 Dungeon Crawl Stone Soup version 0.32-a0-330-g213d367 (webtiles) character file.

Game seed: 16129090399824988577

3471746 jagoly the Sabretooth (level 27, 161/161 HPs)
             Began as a Felid Berserker on Feb 16, 2024.
             Was the Champion of Trog.
             Escaped with the Orb
             ... and 5 runes
             ... and 2 gems (1 intact)!
             The game lasted 06:33:02 (67142 turns).

jagoly the Sabretooth (Felid Berserker)            Turns: 67142, Time: 06:33:02

Health: 161/161    AC: 12    Str: 29    XL:     27
Magic:  26/26      EV: 60    Int:  7    God:    Trog [******]
Gold:   2997       SH:  0    Dex: 17    Spells: 26/26 levels left
                                        Lives:  2   Deaths: 7

rFire   + .          .
                       - Unarmed
rCold   . . .        (shield unavailable)
rNeg    + . .        (body armour unavailable)
rPois   ∞            (helmet unavailable)
rElec   +            (cloak unavailable)
rCorr   +            (gloves unavailable)
SInv    +            (boots unavailable)
Will    ++++.        s - amulet of Vitality {RegenMP++ Regen++}
Stlth   +++          w - ring "Qon Edd" {Fly rF+ rCorr Int-5}
HPRegen 2.06/turn    L - ring of Birdsong {rN+ EV+5 Str+2}
MPRegen 1.00/turn

%: clarity
@: storm-form, flying
A: cleaving, insubstantial, flying, very small, (claws 1), (fangs 3), see
invisible, (shaggy fur 3), (stealthy paws), no weapons or thrown items, no
armour, multi-lived, clarity, (fire resistance 1), high MP 1, screaming 1,
strong 1, MP-powered wands
0: Orb of Zot
}: 5/15 runes: serpentine, barnacled, slimy, silver, abyssal
a: Blinkbolt, Begin Untransformation, Renounce Religion, Berserk, Trog's Hand,
Brothers in Arms


You escaped.
You worshipped Trog.
Trog was exalted by your worship.
You were a lightning-filled tempest!
You visited 11 branches of the dungeon, and saw 55 of its levels.
You visited the Abyss 1 time.
You visited 1 bazaar.
You visited 1 ziggurat, and saw 10 of its levels.
You also visited: Ossuary, Gauntlet, Volcano and Desolation.

You collected 8374 gold pieces.
You spent 5377 gold pieces at shops.

Inventory:

Jewellery
 r - a ring of flight
 s - the amulet of Vitality (around neck) {RegenMP++ Regen++}
   (You took it off a vault guard on level 5 of the Vaults)

   [amulet of magic regeneration]

   RegenMP:   It increases your rate of magic regeneration.
   Regen++:   It increases your rate of health regeneration.
 w - the ring "Qon Edd" (left paw) {Fly rF+ rCorr Int-5}
   (You took it off a yaktaur on level 5 of the Vaults)

   [ring of flight]

   Int-5:     It affects your intelligence (-5).
   rF+:       It protects you from fire.
   Fly:       It grants you flight.
   rCorr:     It protects you from acid and corrosion.
 D - the ring of Lukh {rElec rC- Str+2 Dex+6 Slay+6}
   (You took it off an ogre mage on level 10 of the Dungeon)

   [ring of dexterity]

   Str+2:     It affects your strength (+2).
   Dex+6:     It affects your dexterity (+6).
   Slay+6:    It affects your accuracy & damage with ranged weapons and melee
   (+6).
   rC-:       It makes you vulnerable to cold.
   rElec:     It insulates you from electricity.
 I - an amulet of faith
 L - the ring of Birdsong (right paw) {rN+ EV+5 Str+2}
   (You found it in a Gauntlet)

   [ring of evasion]

   EV+5:      It affects your evasion (+5).
   Str+2:     It affects your strength (+2).
   rN+:       It protects you from negative energy.
 O - a ring of willpower
 S - the ring of the Hare {EV+10}
   (You found it on level 5 of a ziggurat)

   [ring of evasion]

   EV+10:     It affects your evasion (+10).
 T - a ring of protection from fire
 U - the ring "Digykleem" {rC+ EV+5}
   (You found it on level 1 of the Snake Pit)

   [ring of evasion]

   EV+5:      It affects your evasion (+5).
   rC+:       It protects you from cold.
 W - the ring of the Tortoise {AC+8}
   (You took it off a vault guard on level 5 of the Vaults)

   [ring of protection]

   AC+8:      It affects your AC (+8).
 X - the amulet "Yzxaodue" {Spirit +Blink rF+ rCorr Dex-5}
   (You found it on level 7 of a ziggurat)

   [amulet of guardian spirit]

   Spirit:    It causes incoming damage to be divided between your reserves of
   health and magic.
   Dex-5:     It affects your dexterity (-5).
   rF+:       It protects you from fire.
   +Blink:    It lets you blink.
   rCorr:     It protects you from acid and corrosion.
 Y - a ring of protection from cold
Talismans
 K - a dragon-blood talisman
 M - a storm talisman (active)
Wands
 o - a wand of acid (33)
 u - a wand of iceblast (96) (quivered)
 A - a wand of flame (126)
 B - a wand of charming (65)
 H - a wand of polymorph (43)
 N - a wand of digging (18)
 Z - a wand of mindburst (14)
Scrolls
 a - 18 scrolls of teleportation
 c - 7 scrolls of immolation
 d - 3 scrolls of revelation
 f - 6 scrolls of poison
 g - 14 scrolls of fog
 p - 8 scrolls of fear
 q - 3 scrolls of summoning
 t - 9 scrolls of silence
 y - 5 scrolls of torment
 C - 10 scrolls of noise
 J - 9 scrolls of vulnerability
Potions
 h - 9 potions of attraction
 i - 3 potions of magic
 j - 27 potions of curing
 k - 3 potions of haste
 m - 2 potions of cancellation
 n - 7 potions of enlightenment
 v - 9 potions of heal wounds
 x - 4 potions of resistance
 z - 11 potions of mutation
 E - 8 potions of berserk rage
 F - 5 potions of invisibility
 G - 6 potions of ambrosia
 Q - 2 potions of might
Miscellaneous
 b - a lightning rod (4/4)
 e - a phial of floods
 l - a sack of spiders
 P - a phantom mirror
 V - a tin of tremorstones (2/2)


   Skills:
 + Level 22.0 Fighting
 - Level 24.0 Dodging
 - Level 24.0 Stealth
 O Level 27 Unarmed Combat
 - Level 16.0 Evocations
 - Level 23.0 Shapeshifting


You had 26 spell levels left.
You didn't know any spells.
Your spell library was empty.

Dungeon Overview and Level Annotations

Branches:
Dungeon (15/15)            Temple (0/1) D:4            Lair (5/5) D:9
 Shoals (4/4) Lair:2        Snake (4/4) Lair:2        Slime (5/5) Lair:5
    Orc (2/2) D:12            Elf (3/3) Orc:2        Vaults (5/5) D:13
  Crypt (3/3) Vaults:2       Tomb (0/3) Crypt:3      Depths (4/4) D:15
    Zot (5/5) Depths:4    Ossuary (visited)         Volcano (visited)
Desolation (visited)      Gauntlet (visited)

Altars:
Elyvilon
Fedhas
Okawaru
Qazlal
Wu Jian
Xom
Zin
The Shining One
Beogh
Jiyva

Shops:
D:5 [!**[   D:8 =   D:9 :   D:10 *   D:14 [   D:15 ?   Orc:2 (=[[[(*([
Shoals:1 (   Shoals:2 [   Snake:2 ::   Vaults:1 (   Vaults:2 [   Vaults:3 [
Vaults:5 ???!   Zot:4 *   Depths:2 *

Portals:
Hell: Depths:1 Depths:2 Depths:3 Depths:4
Abyss: Depths:3
Pandemonium: Depths:2 Depths:3 Depths:4
Trove: Vaults:2 (give 2 scrolls of acquirement)

Annotations:
Shoals:2 exclusion: 2 krakens
Elf:2 5 runed translucent doors
Zot:5 2 exclusions


Innate Abilities, Weirdness & Mutations

You are a lightning-filled tempest!
Your electrical attacks strike out in all directions at once.
You are incredibly evasive.
Your insubstantial body is immune to petrification, constriction, and being set on fire You are flying.
You are immune to poison.
((You have sharp claws.))
((You have razor-sharp teeth.))
You have supernaturally acute eyesight. (SInv)
((Your thick and shaggy fur keeps you warm. (AC +3, rC+)))
((Your paws help you pounce on unaware monsters.))
You are incapable of wielding weapons or throwing items.
You cannot wear armour.
You gain extra lives every three experience levels.
You possess an exceptional clarity of mind.
((Your flesh is heat resistant. (rF+)))
You have an increased reservoir of magic. (+10% MP)
You occasionally shout uncontrollably at your foes.
Your muscles are strong. (Str +4, Int/Dex -1)
You expend magic power (3 MP) to strengthen your wands.


Message History

No target in view!
There is a stone staircase leading up here.
You start waiting.
A great orb of eyes comes into view.
You bellow at the great orb of eyes!
You see here a +0 demon whip of venom.
You blast the great orb of eyes!!!!
You kill the great orb of eyes!
Trog accepts your kill.
You hear a hideous shriek!
No target in view!
No target in view!
You see here a +0 demon whip of venom.
An Executioner comes into view.
There is a stone staircase leading up here.
An Executioner is nearby!
The Executioner gestures.
The Executioner seems to speed up.
The Executioner completely misses you. x2; The Executioner misses you.
You see here a +0 demon whip of venom.
You blast the Executioner!!!
The Executioner is almost dead.
The Executioner misses you.
The Executioner hits you but does no damage.
The Executioner barely misses you.
You blast the Executioner!!!
You kill the Executioner!
Trog accepts your kill.
No target in view!
No target in view!
There is a stone staircase leading up here.
You start waiting.
A lorocyproca comes into view.
The lorocyproca completely misses you.
You batter the lorocyproca!!
The lorocyproca is moderately wounded.
You barely miss the lorocyproca.
The lorocyproca is moderately wounded.
The lorocyproca completely misses you.
You blast the lorocyproca!!!
You punch the lorocyproca, but do no damage.
The lorocyproca is severely wounded.
You blast the lorocyproca!!!
You kill the lorocyproca!
Trog accepts your kill.
No target in view!
There is a stone staircase leading up here.
You start waiting.
An Orb Guardian comes into view.
You see here a +0 demon whip of venom.
The Orb Guardian misses you.
You blast the Orb Guardian!!!!
The Orb Guardian is almost dead.
The Orb Guardian completely misses you.
You blast the Orb Guardian!!!
You kill the Orb Guardian!
Trog accepts your kill.
No target in view!
No target in view!
You see here a +0 demon whip of venom.
There is a stone staircase leading up here.
You start waiting.
A Goanabi and a smoke demon come into view.
Press: ? - help, v - describe, . - travel
Here: Goanabi The floor.
The smoke demon roars!
Goanabi gestures at you.
The smoke demon blinks!
You see here a +0 demon whip of venom.
You blast the soul eater!!!!
You kill the soul eater!
Trog accepts your kill.
You hit the smoke demon but do no damage.
You batter the shadow demon!! The shadow demon completely misses you.
The smoke demon completely misses you. x3
You blast the shadow demon!!!!
You kill the shadow demon!
Trog accepts your kill.
You hit the smoke demon but do no damage.
You blast the smoke demon!!!
Lightning courses through the smoke demon!
You kill the smoke demon!
Trog accepts your kill. Goanabi gestures at you.
You feel haunted.
You blast the wraith!!!
You destroy the wraith!
The wraith disappears in a puff of smoke!
You closely miss Goanabi. Goanabi completely misses you.
The phantasmal warrior gestures at you.
The phantasmal warrior blinks!
You miss Goanabi. Your punch misses Goanabi.
You blast the freezing wraith!!!
You destroy the freezing wraith!
The freezing wraith disappears in a puff of smoke!
Goanabi completely misses you.
You blast Goanabi!!!
You punch Goanabi!!
Goanabi is heavily wounded.
Goanabi closely misses you.
You blast Goanabi!!!
You punch Goanabi!!
You kill Goanabi!
Trog accepts your kill.
The phantasmal warrior disappears in a puff of smoke!
No target in view!
A demonic crawler comes into view.
You see here a +0 demon whip of venom.
There is a stone staircase leading up here.
You blast the demonic crawler!!!!
Lightning courses through the demonic crawler!
You kill the demonic crawler!
Trog accepts your kill.
No target in view!
No target in view!
You start waiting.
You feel a genetic drift.
You feel stronger.
You no longer feel a hidden potential within.
You start waiting.
You bellow at the soul eater!
A soul eater comes into view.
The soul eater completely misses you.
You see here a +0 demon whip of venom.
You hit the soul eater but do no damage.
You batter the soul eater!! Your punch misses the soul eater.
The soul eater is moderately wounded.
The soul eater completely misses you.
You blast the soul eater!!!!
You kill the soul eater!
Trog accepts your kill.
No target in view!
There is a stone staircase leading up here.
You start waiting.
An Orb Guardian comes into view.
You see here a +0 demon whip of venom.
The Orb Guardian completely misses you.
You blast the Orb Guardian!!!
Your punch misses the Orb Guardian.
The Orb Guardian is severely wounded.
The Orb Guardian completely misses you.
You blast the Orb Guardian!!!
You kill the Orb Guardian!
Trog accepts your kill.
No target in view!
No target in view!
You see here a +0 demon whip of venom.
There is a stone staircase leading up here.
You start waiting.
You bellow at the demonspawn blood saint!
A demonspawn blood saint and a balrug come into view.
The balrug is wielding a +1 demon whip of flaming.
You see here a +0 demon whip of venom.
The demonspawn blood saint completely misses you.
You batter the demonspawn blood saint!!
You punch the demonspawn blood saint, but do no damage.
The demonspawn blood saint is moderately wounded.
You blast the demonspawn blood saint!!!
You kill the demonspawn blood saint!
Trog accepts your kill. The balrug completely misses you.
Things that are here:
a +0 dagger; a +0 robe You barely miss the balrug.
The balrug completely misses you.
You completely miss the balrug. The balrug gestures at you.
The bolt of fire misses you.
You hit the balrug.
The balrug is lightly wounded.
You blast the balrug!!!!
You kill the balrug!
Trog accepts your kill.
No target in view!
No target in view!
No target in view!
No target in view!
An Orb Guardian comes into view.
You see here a +0 demon whip of venom.
The Orb Guardian completely misses you. The Orb Guardian completely misses you.
There is a stone staircase leading up here.
You blast the Orb Guardian!!!
You punch the Orb Guardian, but do no damage.
The Orb Guardian is severely wounded.
The Orb Guardian hits you but does no damage.
You closely miss the Orb Guardian.
The Orb Guardian is severely wounded.
The Orb Guardian closely misses you.
You closely miss the Orb Guardian.
The Orb Guardian is severely wounded.
A profane servitor comes into view. It is wielding a +3 whip.
You bellow at the profane servitor!
You buffet the Orb Guardian!
The Orb Guardian is almost dead.
The Orb Guardian completely misses you.
You blast the Orb Guardian!!!
You kill the Orb Guardian!
Trog accepts your kill.
You blast the profane servitor!!!!
Your punch misses the profane servitor.
The profane servitor is heavily damaged.
The profane servitor completely misses you. x2
You blast the profane servitor!!!!
Your punch misses the profane servitor.
The profane servitor is almost destroyed.
The profane servitor completely misses you.
The profane servitor hits you but does no damage.
You closely miss the profane servitor. Your punch misses the profane servitor.
The profane servitor is almost destroyed.
A neqoxec comes into view.
The profane servitor completely misses you.
The profane servitor closely misses you.
You blast the profane servitor!!!
You destroy the profane servitor!
Trog accepts your kill.
There is a stone staircase leading up here.
You hit the neqoxec. Your punch misses the neqoxec.
The neqoxec is lightly wounded.
The neqoxec completely misses you.
You blast the neqoxec!!!
You kill the neqoxec!
Trog accepts your kill.
No target in view!
There is a stone staircase leading up here.
You start waiting.
Done waiting.
You start waiting.
A rust devil comes into view.
You blast the rust devil!!!
You kill the rust devil!
Trog accepts your kill.
No target in view!
No target in view!
There is a stone staircase leading up here.
You start waiting.
A lorocyproca comes into view.
You see here a +0 demon whip of venom.
You blast the lorocyproca!!!!
You kill the lorocyproca!
Trog accepts your kill.
No target in view!
No target in view!
You see here a +0 demon whip of venom.
There is a stone staircase leading up here.
You start waiting.
Done waiting.
You start waiting.
A balrug comes into view.
It is wielding a +1 demon whip of draining.
The balrug shouts!
You hear a shout!
You see here a +0 demon whip of venom.
You closely miss the balrug. The balrug completely misses you.
You blast the balrug!!!
The balrug is heavily wounded.
You hear a shout!
You hear a roar!
You batter the balrug!!
The balrug is almost dead.
You hear a shout!
The balrug gestures at you. The bolt of fire misses you.
You hear a shout!
You hit the balrug but do no damage.
The balrug is almost dead.
The balrug gestures at you.
The fireball explodes!
The fireball engulfs you! You resist.
The fireball engulfs the balrug.
The balrug completely resists.
You closely miss the balrug.
The balrug is almost dead.
You see here a +0 demon whip of venom.
You batter the balrug!!
You kill the balrug!
Trog accepts your kill.
A sun demon comes into view.
You see here a +1 demon whip of draining.
A sun demon comes into view.
You see here a +0 demon whip of venom.
The sun demon completely misses you.
You see here a +1 demon whip of draining.
You blast the sun demon!!!
You kill the sun demon!
Trog accepts your kill.
You hear a shout!
The sun demon closely misses you.
Things that are here:
a +0 dagger; a +0 robe You closely miss the sun demon.
The sun demon misses you.
You blast the sun demon!!!
You kill the sun demon!
Trog accepts your kill.
You hear a shout!
No target in view!
You see here a +1 demon whip of draining.
You see here a +0 demon whip of venom.
There is a stone staircase leading up here.
You start waiting.
A sun demon comes into view.
You see here a +0 demon whip of venom.
The sun demon completely misses you.
You see here a +1 demon whip of draining.
You blast the sun demon!!!!
You kill the sun demon!
Trog accepts your kill.
No target in view!
No target in view!
No target in view!
You see here a +0 demon whip of venom.
There is a stone staircase leading up here.
You start waiting.
An Ice Fiend comes into view.
The Ice Fiend gestures at you. The bolt of cold misses you.
An Orb Guardian comes into view.
You see here a +0 demon whip of venom.
You blast the Orb Guardian!!!!
You kill the Orb Guardian!
Trog accepts your kill.
You see here a +0 demon whip of venom.
The Ice Fiend gestures at you. The bolt of cold misses you.
You see here a +1 demon whip of draining.
You blast the Ice Fiend!!!
Lightning courses through the Ice Fiend!
Your punch misses the Ice Fiend.
The Ice Fiend is severely wounded.
The Ice Fiend claws you! The Ice Fiend freezes you!!
The Ice Fiend completely misses you.
You blast the Ice Fiend!!!
You kill the Ice Fiend!
Trog accepts your kill.
No target in view!
You see here a +0 demon whip of venom.
There is a stone staircase leading up here.
You start resting.
HP restored.
You start resting.
HP restored.
You start waiting.
An Orb Guardian comes into view.
You see here a +0 demon whip of venom.
You see here a +1 demon whip of draining.
The Orb Guardian completely misses you. x2
Things that are here:
a +0 dagger; a +0 robe You closely miss the Orb Guardian.
You batter the Orb Guardian!!
Lightning courses through the Orb Guardian!
The Orb Guardian is moderately wounded.
The Orb Guardian completely misses you.
You blast the Orb Guardian!!!!
You kill the Orb Guardian!
Trog accepts your kill.
No target in view!
You see here a +1 demon whip of draining.
You see here a +0 demon whip of venom.
There is a stone staircase leading up here.
You start waiting.
An Orb Guardian comes into view.
You bellow at the Orb Guardian!
You see here a +0 demon whip of venom.
The Orb Guardian hits you.
You see here a +1 demon whip of draining.
You buffet the Orb Guardian!
You punch the Orb Guardian!
The Orb Guardian is lightly wounded.
The Orb Guardian completely misses you.
You blast the Orb Guardian!!!
Lightning courses through the Orb Guardian!
The Orb Guardian is almost dead.
The Orb Guardian hits you!!
You hit the Orb Guardian but do no damage.
Lightning courses through the Orb Guardian!
You kill the Orb Guardian!
Trog accepts your kill.
No target in view!
You see here a +0 demon whip of venom.
There is a stone staircase leading up here.
You start resting.
HP restored.
You start resting.
HP restored.
You start waiting.
You bellow at the orange demon!
An Ata Edd and an orange demon come into view.
A cacodemon comes into view.
The orange demon completely misses you.
Press: ? - help, v - describe, . - travel
Here: Ata Edd The floor.
Unknown command.
The orange demon completely misses you. The orange demon misses you.
You see here a +3 whip.
You barely miss the orange demon.
You hit the orange demon but do no damage.
Lightning courses through the orange demon!
The orange demon is moderately wounded.
The cacodemon gestures next to Ata Edd.
Some rock shatters into small pieces.
The orange demon completely misses you. x2
You blast the orange demon!!!!
You kill the orange demon!
Trog accepts your kill.
You hit Ata Edd but do no damage.
You buffet Ata Edd!
Ata Edd is lightly wounded.
Ata Edd completely misses you.
You buffet Ata Edd!
You punch Ata Edd!!
Ata Edd is lightly wounded.
The cacodemon gestures next to you.
Some rock shatters into small pieces.
Ata Edd tramples you!
You are shoved backwards!
You blast Ata Edd!!!
Your punch misses Ata Edd.
Ata Edd is moderately wounded.
You blast Ata Edd!!!!
You punch Ata Edd!
Ata Edd is heavily wounded.
Ata Edd completely misses you.
You hit Ata Edd but do no damage.
Ata Edd is heavily wounded.
Ata Edd completely misses you.
You blast Ata Edd!!!
Ata Edd is severely wounded.
The cacodemon gestures next to you.
Some rock shatters into small pieces.
You buffet Ata Edd!
Ata Edd is severely wounded.
Ata Edd completely misses you.
You batter Ata Edd!!
Ata Edd is almost dead.
Ata Edd bursts into living lightning!
The living lightning misses you.
Ata Edd blinks!
You buffet the cacodemon!
You punch the cacodemon.
The cacodemon is moderately wounded.
Ata Edd bursts into living lightning!
The living lightning misses you.
The living lightning hits the cacodemon!
The cacodemon resists.
Ata Edd blinks! x3
You blast Ata Edd!!!
You kill Ata Edd!
Trog accepts your kill.
You blast the cacodemon!!!
The cacodemon completely misses you. x2
You have mastered Unarmed Combat!
You need to enable at least one skill for training.
You blast the cacodemon!!!!
You kill the cacodemon!
Trog accepts your kill.
No target in view!
There is a stone staircase leading up here.
You fly upwards.
There is a stone staircase leading down here.
Okay, then.
There is an open door here.
A hell hog comes into view.
A hell hog comes into view.
The hell hog breathes fire at you.
The fireball explodes!
The fireball engulfs you! You resist.
A hell hog comes into view.
The hell hog completely misses you. x2
You blast the hell hog!!!
You punch the hell hog.
You kill the hell hog!
Trog accepts your kill.
You closely miss the hell hog.
You blast the hell hog!!!!
You kill the hell hog!
Trog accepts your kill.
A cacodemon and an orange demon come into view.
You blast the hell hog!!!
You kill the hell hog!
Trog accepts your kill.
A sixfirhy comes into view.
An orange demon comes into view.
The orange demon screeches!
The sixfirhy completely misses you.
The cacodemon gestures next to the orange demon.
Some rock shatters into small pieces.
You miss the sixfirhy. The sixfirhy completely misses you.
The sixfirhy hits you but does no damage.
You barely miss the sixfirhy. You punch the sixfirhy!!
The sixfirhy is heavily wounded.
You blast the sixfirhy!!!!
You kill the sixfirhy!
Trog accepts your kill.
Training target 24.0 for Dodging reached!
Your Dodging skill increases to level 24!
You need to enable at least one skill for training.
The orange demon completely misses you. x3
The orange demon hits you but does no damage.
You closely miss the cacodemon. You hit the orange demon.
You buffet the orange demon!
Lightning courses through the orange demon!
The cacodemon completely misses you. x2; The orange demon closely misses you.
The orange demon barely misses you. The orange demon completely misses you.
The orange demon hits you but does no damage.
You blast the orange demon!!!
You kill the orange demon!
Trog accepts your kill.
You batter the orange demon!!
You blast the cacodemon!!!
You barely miss the orange demon. You punch the orange demon!
The orange demon is almost dead.
You blast the cacodemon!!!!
You kill the cacodemon!
Trog accepts your kill.
The orange demon completely misses you. x2
You blast the orange demon!!!
You kill the orange demon!
Trog accepts your kill.
No target in view!
No target in view!
There is a staircase leading out of the dungeon here.
You have escaped!

....##.#...##...##...##...#.# #.#
....##.#..####..##..####..#.# #.#
######.#..####..##..####..#.###..
#.#...##...##...##...#..##..
#.#..................##.....
#.##................######>.
#.#######..##...##### ###
#.#######..##..######
#[##.......v........##
#.#..................#
#.#...##....#...##...#
#.#..####..##..####..#
#.#..####..##..####..#
#.#...##...##...##...#
#.#........##........# ###
#.#'......####......'#####..
#..######## ########......#


There were no monsters in sight!

Vanquished Creatures
  the Royal Jelly (Slime:5)
  An ancient lich (Abyss:3)
  2 dread liches
  Frederick (Vaults:5)
  Khufu (Crypt:3)
  An orb of fire (Zig:6)
  5 pandemonium lords
  A juggernaut (Depths:3)
  Xtahua (Crypt:3)
  A royal mummy (Crypt:3)
  Parghit (Depths:4)
  Vv (Crypt:2)
  Margery (Crypt:2)
  A curse toe (Crypt:3)
  3 caustic shrikes (Depths:2)
  A profane servitor (D:2)
  10 golden dragons
  Jory (Vaults:5)
  2 bone dragons
  An electric golem (Zot:1)
  A hellephant (Crypt:2)
  A Tzitzimitl (D:2)
  14 tentacled monstrosities
  28 Orb Guardians
  A walking earthen tome (Depths:3)
  2 Ice Fiends
  4 liches
  Asterion (Depths:1)
  A deep elf master archer (Elf:3)
  A walking divine tome (Depths:3)
  2 deep elf blademasters
  6 quicksilver dragons
  3 titans (Vaults:5)
  10 sphinxes
  17 acid blobs
  7 death cobs
  3 ancient champions
  2 Executioners
  6 tentacled starspawn
  13 shadow dragons
  Agnes (Elf:1)
  12 storm dragons
  8 tengu reavers
  Kirke (Elf:1)
  2 protean progenitors (Zot:2)
  2 nagarajas
  6 draconian monks
  17 rockslimes
  2 revenants (Crypt:3)
  8 fire giants
  12 draconian shifters
  14 azure jellies
  11 vault wardens
  5 frost giants
  9 draconian scorchers
  6 balrugs
  2 angels
  11 draconian knights
  4 deep elf elementalists (Elf:3)
  7 deep elf sorcerers
  2 curse skulls
  4 imperial myrmidons (Desolation)
  2 iron dragons
  3 orc warlords
  4 draconian stormcallers
  4 cacodemons
  A caustic shrike zombie (Zot:4)
  7 draconian annihilators
  24 very ugly things
  5 ghouls
  17 ironbound preservers
  A broodmother (Zot:2)
  A demonspawn blood saint (D:2)
  7 quicksilver oozes
  7 green draconians
  4 formless jellyfish
  2 caustic shrike skeletons
  21 stone giants
  3 halazid warlocks (Desolation)
  5 ironbound thunderhulks
  7 black draconians
  5 vampire knights
  An apis (Shoals:4)
  8 lorocyprocas
  4 deep elf demonologists
  10 deep elf annihilators
  5 white draconians
  5 war gargoyles
  12 dire elephants
  10 yellow draconians
  11 deep elf death magi
  9 purple draconians
  20 red draconians
  8 spark wasps
  A minotaur (Gauntlet)
  6 eidola
  11 crystal guardians
  2 blizzard demons
  4 merfolk javelineers (Shoals:4)
  5 ragged hierophants
  8 ettins
  12 jiangshi
  13 merfolk impalers
  3 entropy weavers
  9 yaktaur captains
  11 fire dragons
  2 rakshasas
  27 vault guards
  12 deep elf high priests
  5 servants of whispers
  A fenstrider witch zombie (Crypt:3)
  10 great orbs of eyes
  9 ice dragons
  3 spriggan air magi
  4 ogre magi
  2 hell beasts
  17 peacekeepers
  Erolcha (Orc:1)
  5 anacondas
  8 salamander tyrants
  4 hydras
  3 death knights
  8 two-headed ogres
  5 boulder beetles
  11 ironbound frosthearts
  18 centaur warriors
  2 merfolk aquamancers (Shoals:4)
  19 dancing weapons
  3 catoblepae
  2 satyrs
  4 death yaks
  3 merfolk avatars
  4 tengu warriors
  3 hell hogs (D:1)
  13 deep troll earth magi
  2 demonic crawlers (D:2)
  3 orc high priests
  A death scarab (Gauntlet)
  20 naga warriors
  7 vampire magi
  Urug (Orc:2)
  5 deep troll shamans
  15 sun demons
  2 occultists (Volcano)
  18 hell knights
  A titan zombie (Crypt:2)
  3 deep elf knights
  13 naga sharpshooters
  2 spriggan berserkers
  A fire crab (shapeshifter) (Vaults:5)
  6 soul eaters
  3 shock serpents
  3 fire crabs
  3 skysharks
  6 iron trolls
  36 deep trolls
  25 skeletal warriors
  15 salamander mystics
  4 sixfirhies
  A spriggan druid (Depths:2)
  3 cherubim (Shoals:4)
  6 glowing orange brains
  3 deep elf archers
  6 flayed ghosts
  21 mana vipers
  A spatial maelstrom (Zig:3)
  A shadow demon (D:2)
  8 sea snakes
  8 arcanists
  8 naga ritualists
  A glowing orange brain (shapeshifter) (Vaults:4)
  An obsidian statue (Vaults:3)
  A harpy (shapeshifter) (D:15)
  18 ironbound convokers
  21 deep elf pyromancers
  4 necromancers
  A sea snake (shapeshifter) (Vaults:5)
  A steelbarb worm (shapeshifter) (Vaults:5)
  8 phantasmal warriors
  5 lindwurms
  7 orc knights
  10 starcursed masses
  3 bog bodies
  4 large abominations
  45 harpies
  14 deep elf zephyrmancers
  A sun moth (shapeshifter) (Vaults:5)
  A wolf spider (D:15)
  6 shining eyes
  2 iron dragon zombies
  A spectral boulder beetle (Gauntlet)
  4 orc sorcerers
  17 moths of wrath
  2 fauns (Shoals:1)
  3 will-o-the-wisps
  12 cyclopes
  17 manticores
  A faun (shapeshifter) (Zot:4)
  A draconian (Abyss:3)
  30 ugly things
  A jorogumo skeleton (Crypt:1)
  A rust devil (D:2)
  Joseph (D:7)
  31 salamanders
  13 guardian serpents
  5 toenail golems (Volcano)
  3 water nymphs
  3 kobold blastminers
  3 merfolk sirens
  4 meliai
  18 naga magi
  4 apocalypse crabs
  4 eyes of devastation
  15 elephants
  17 vault sentinels
  27 black mambas
  A molten gargoyle (Desolation)
  4 orange demons
  2 smoke demons
  3 gargoyles
  A stone giant skeleton (Crypt:3)
  A cane toad (shapeshifter) (Zot:4)
  A moth of wrath (shapeshifter) (Elf:3)
  8 cane toads
  An unseen horror (D:11)
  2 death yak zombies
  7 freezing wraiths
  A hellion (Depths:4)
  A centaur skeleton (Crypt:1)
  3 efreet
  4 minotaur zombies
  8 rime drakes
  Jeremiah (D:7)
  An unseen horror (shapeshifter) (Zig:8)
  5 tengu conjurers
  7 komodo dragons
  A green draconian zombie (Crypt:2)
  A redback zombie (Crypt:1)
  17 yaktaurs
  Psyche (D:8)
  A hydra zombie (Crypt:2)
  An unseen horror skeleton (Crypt:2)
  33 merfolk
  A sea snake skeleton (Crypt:1)
  9 trolls
  A polar bear (shapeshifter) (D:13)
  3 polar bears
  7 wind drakes
  A hydra skeleton (Crypt:2)
  52 saltlings
  4 hellwings
  A culicivora zombie (Crypt:2)
  11 snapping turtles
  A raiju (Abyss:3)
  A harpy skeleton (Crypt:3)
  17 blink frogs
  4 glass eyes
  5 dream sheep (Shoals:4)
  A dream sheep (shapeshifter) (Depths:2)
  88 slime creatures
  A vampire (D:11)
  A fire dragon skeleton (Crypt:3)
  A satyr skeleton (Crypt:1)
  An air elemental (Zig:8)
  A jumping spider (shapeshifter) (D:10)
  4 shadows
  7 water elementals
  Eustachio (D:3)
  Sigmund (D:2)
  5 wraiths
  11 wyverns
  25 yaks
  4 hogs (Elf:1)
  2 redbacks (Vaults:3)
  8 basilisks
  2 neqoxecs (D:2)
  3 wargs
  5 humans (Volcano)
  6 fire elementals
  A golden eye (Slime:5)
  Menkaure (D:4)
  10 vampire mosquitoes
  2 chaos spawn
  A steam dragon (D:8)
  8 acid dragons
  60 nagas
  A faun zombie (Crypt:1)
  10 water moccasins
  15 hell hounds
  A demonspawn skeleton (Crypt:1)
  18 laughing skulls
  51 orc warriors
  A sky beast (D:8)
  A snapping turtle zombie (Crypt:1)
  A hornet zombie (Crypt:3)
  4 black bears
  15 centaurs
  12 wolves
  A swamp dragon zombie (Crypt:1)
  16 ogres
  4 boggarts (Vaults:1)
  3 phantoms
  A manticore skeleton (Crypt:3)
  A kobold brigand (D:8)
  A weeping skull (Ossuary)
  Blork the orc (D:4)
  3 elf zombies (Ossuary)
  9 bullfrogs
  4 gnoll sergeants
  A komodo dragon skeleton (Crypt:1)
  5 scorpions
  A draconian skeleton (Crypt:1)
  2 earth elementals
  2 water moccasin skeletons
  6 killer bees (D:10)
  3 electric eels
  3 howler monkeys (D:8)
  A bombardier beetle (D:7)
  A lava snake (Snake:1)
  2 centaur zombies (Ossuary)
  A human zombie (Ossuary)
  23 orc priests
  9 jellies
  3 gnoll boudas
  4 hounds
  An iron imp (Abyss:3)
  An iguana (D:5)
  7 scorpion zombies (D:6)
  Natasha (twice) (D:4)
  26 orc wizards
  16 hell rats
  A killer bee zombie (Ossuary)
  A crocodile zombie (Ossuary)
  8 ogre zombies (D:12)
  5 mummies
  30 gnolls
  6 adders
  A howler monkey skeleton (D:6)
  5 river rats (Lair:3)
  A shadow imp (D:6)
  4 adder zombies (Ossuary)
  4 dart slugs
  A ribbon worm (D:2)
  86 orcs
  5 ball pythons
  5 bats
  12 endoplasms
  3 giant cockroaches
  5 gnoll zombies
  14 goblins
  4 hobgoblins
  3 jackals (D:5)
  8 kobolds
  10 quokkas
  2 ball python zombies (Ossuary)
  4 frilled lizards
  A frilled lizard skeleton (Crypt:3)
  A gnoll skeleton (D:12)
  A hobgoblin zombie (Crypt:3)
  9 jackal zombies (Ossuary)
  5 kobold zombies (Ossuary)
  2 orc skeletons (D:12)
  20 orc zombies
  22 rats
  2 aspiring fleshes (Zot:2)
  3 butterflies (Zot:4)
  2 starspawn tentacles (Zot:4)
2571 creatures vanquished.

Vanquished Creatures (collateral kills)
  2 dread liches (Vaults:5)
  Bai Suzhen (Vaults:3)
  2 sphinxes
  2 titans (Vaults:5)
  3 acid blobs
  A shadow dragon (Vaults:5)
  Ilsuiw (Shoals:2)
  2 fire giants
  An iron dragon (Vaults:5)
  2 deep elf sorcerers (Elf:3)
  An ironbound preserver (Vaults:2)
  A stone giant (Vaults:5)
  A deep elf annihilator (Elf:3)
  A dire elephant (Vaults:2)
  A white draconian (Depths:4)
  Snorg (D:11)
  A merfolk javelineer (Shoals:2)
  3 fire dragons (Elf:3)
  A yaktaur captain (Vaults:5)
  A hydra (Elf:3)
  An ironbound frostheart (Vaults:3)
  A catoblepas (Lair:5)
  2 dancing weapons (Elf:1)
  A boulder beetle (D:11)
  2 death yaks (Lair:5)
  A hell knight (Depths:4)
  2 deep trolls (Vaults:5)
  A deep elf archer (Elf:3)
  A deep elf pyromancer (D:12)
  A deep elf zephyrmancer (Elf:3)
  A shining eye (Slime:4)
  4 manticores
  A merfolk siren (Shoals:2)
  A glass eye (Slime:4)
  5 slime creatures (Slime:4)
  2 spectral weapons (Vaults:3)
56 creatures vanquished.

Vanquished Creatures (others)
  A fire giant (Vaults:5)
  A vault guard (Vaults:5)
  A deep elf knight (Elf:3)
  An orc knight (Vaults:5)
  A hellwing (Zig:10)
  8 foxfires
  11 starspawn tentacles
24 creatures vanquished.

Grand Total: 2651 creatures vanquished

Notes
Turn   | Place    | Note
-------+----------+-------------------------------------------
     0 | D:1      | jagoly the Felid Berserker began the quest for the Orb.
     0 | D:1      | Reached XP level 1. HP: 12/12 MP: 2/2
    26 | D:1      | Reached skill level 1 in Stealth
   267 | D:1      | Reached XP level 2. HP: 16/16 MP: 3/3
   720 | D:2      | Noticed Sigmund
   765 | D:2      | Reached XP level 3. HP: 20/20 MP: 4/4
   779 | D:2      | Reached skill level 4 in Unarmed Combat
  1159 | D:2      | Reached XP level 4. HP: 14/24 MP: 5/5
  1159 | D:2      | Gained a life (2 lives remaining)
  1362 | D:3      | Reached ** piety under Trog
  1559 | D:3      | Reached skill level 5 in Unarmed Combat
  1574 | D:3      | Killed from afar by an orc priest
  1574 | D:3      | Lost a life (1 life remaining)
  1575 | D:3      | Noticed an ogre
  1579 | D:3      | Reached XP level 5. HP: 28/28 MP: 6/6
  1583 | D:3      | Killed an ogre
  1584 | D:3      | Reached skill level 6 in Unarmed Combat
  2062 | D:3      | Gained mutation: You are covered in thick fur. (AC +2)
                  | [Felid growth]
  2062 | D:3      | Reached XP level 6. HP: 32/32 MP: 7/7
  2069 | D:3      | Found a faded altar of an unknown god.
  2108 | D:3      | You fall into a shaft and drop 2 floors!
  2108 | D:5      | Entered Level 5 of the Dungeon
  2126 | D:5      | Found Hiwousm's Antique Armour Shoppe.
  2136 | D:4      | Found a staircase to the Ecumenical Temple.
  2381 | D:4      | Noticed Menkaure
  2404 | D:4      | Noticed Eustachio
  2413 | D:3      | Killed Eustachio
  2414 | D:3      | Reached skill level 7 in Unarmed Combat
  2501 | D:4      | Reached XP level 7. HP: 36/36 MP: 8/8
  2501 | D:4      | Gained a life (2 lives remaining)
  2625 | D:4      | Reached skill level 8 in Unarmed Combat
  2744 | D:4      | Noticed Blork the orc
  2878 | D:4      | Noticed Natasha
  3001 | D:4      | Killed Natasha
  3215 | D:4      | Found a glowing golden altar of the Shining One.
  3336 | D:4      | Killed Blork the orc
  3433 | D:4      | Killed Menkaure
  3434 | D:4      | Reached skill level 9 in Unarmed Combat
  3434 | D:4      | Reached XP level 8. HP: 24/42 MP: 9/9
  3473 | D:4      | Found Zin's Purification Station.
  3473 | D:4      | Found a glowing silver altar of Zin.
  3481 | D:4      | Bought a potion of curing for 90 gold pieces
  3643 | D:4      | Noticed Natasha
  3653 | D:4      | Killed Natasha
  3901 | D:5      | Found Dusy's Antique Armour Boutique.
  4041 | D:5      | Reached *** piety under Trog
  4179 | D:5      | Reached skill level 10 in Unarmed Combat
  4288 | D:5      | Found Oclea's General Store.
  4289 | D:5      | Found Zinwu's Assorted Antiques.
  4302 | D:5      | Bought a scroll of teleportation for 36 gold pieces
  4325 | D:5      | Found Ytwop's Distillery.
  4340 | D:5      | Bought a potion of heal wounds for 55 gold pieces
  4683 | D:5      | Reached skill level 5 in Stealth
  4750 | D:2      | Killed Sigmund
  4751 | D:2      | Reached skill level 5 in Dodging
  5047 | D:5      | Bought a potion of lignification for 33 gold pieces
  5154 | D:6      | Found a sand-covered staircase.
  5179 | Ossuary  | Entered an ossuary
  5320 | Ossuary  | Reached skill level 5 in Fighting
  5380 | Ossuary  | Reached XP level 9. HP: 46/47 MP: 10/10
  5419 | Ossuary  | Reached **** piety under Trog
  6252 | D:7      | Reached skill level 11 in Unarmed Combat
  6288 | D:7      | Reached ***** piety under Trog
  6370 | D:7      | Noticed Jeremiah
  6445 | D:7      | Noticed Joseph
  6452 | D:7      | Killed Joseph
  6725 | D:7      | Reached skill level 12 in Unarmed Combat
  7001 | D:8      | Reached skill level 1 in Shapeshifting
  7115 | D:8      | Noticed Psyche
  7250 | D:8      | Noticed a two-headed ogre
  7416 | D:8      | Killed Psyche
  7417 | D:8      | Reached XP level 10. HP: 49/53 MP: 11/11
  7519 | D:8      | Found a white marble altar of Elyvilon.
  7877 | D:8      | Killed a two-headed ogre
  7878 | D:8      | Reached skill level 5 in Shapeshifting
  7900 | D:8      | Found Beehunon's Jewellery Shop.
  8128 | D:9      | Found Sialaer's Book Emporium.
  8270 | D:9      | Noticed an elephant
  8293 | D:9      | Killed an elephant
  8362 | D:9      | Found a staircase to the Lair.
  8362 | D:9      | Noticed an elephant
  8367 | D:9      | Killed an elephant
  8871 | D:10     | Entered Level 10 of the Dungeon
  9047 | D:10     | Noticed an ogre mage
  9312 | D:10     | Found Niabbexya's Elemental Accessories.
  9342 | D:10     | Noticed a two-headed ogre
  9352 | D:10     | Killed a two-headed ogre
  9353 | D:10     | Reached XP level 11. HP: 56/56 MP: 12/12
  9428 | D:10     | Noticed a centaur warrior
  9442 | D:10     | Killed a centaur warrior
  9484 | D:10     | Found an ornate altar of the Wu Jian Council.
  9561 | D:10     | Identified the ring of Lukh {rElec rC- Str+2 Dex+6 Slay+6}
  9561 | D:10     | Noticed an ogre mage
  9571 | D:10     | Killed an ogre mage
  9734 | D:10     | Killed an ogre mage
  9734 | D:10     | Noticed a fire dragon
  9735 | D:10     | Reached skill level 10 in Shapeshifting
  9739 | D:10     | Killed from afar by a fire dragon
  9739 | D:10     | Lost a life (1 life remaining)
  9859 | D:7      | Killed Jeremiah
 10037 | D:11     | Noticed a boulder beetle
 10091 | D:11     | Noticed a two-headed ogre
 10105 | D:11     | Killed a two-headed ogre
 10196 | D:11     | Noticed a two-headed ogre
 10200 | D:11     | Killed a two-headed ogre
 10217 | D:11     | Noticed Snorg
 10323 | D:11     | Noticed a boulder beetle
 10332 | D:10     | Reached skill level 1 in Evocations
 10412 | D:11     | HP: 1/72 [Snorg (7)]
 10412 | D:11     | Mangled by Snorg
 10412 | D:11     | Lost a life (0 lives remaining)
 10413 | D:11     | Noticed a boulder beetle
 10456 | D:11     | Noticed a frost giant
 10599 | D:11     | Gained mutation: Your thick and shaggy fur keeps you warm.
                  | (AC +3, rC+) [Felid growth]
 10599 | D:11     | Reached XP level 12. HP: 64/64 MP: 13/13
 10599 | D:11     | Gained a life (1 life remaining)
 10672 | D:11     | Killed a frost giant
 10673 | D:11     | Reached skill level 10 in Stealth
 10728 | D:11     | Noticed a boulder beetle
 11193 | D:11     | Killed a boulder beetle
 11360 | D:11     | Killed Snorg
 11361 | D:11     | Reached skill level 10 in Fighting
 11383 | D:11     | Killed a boulder beetle
 11405 | D:11     | Killed a boulder beetle
 11438 | D:11     | Killed a boulder beetle
 12063 | Lair:1   | Entered Level 1 of the Lair of Beasts
 12420 | Lair:1   | Found a dark tunnel.
 12434 | Volcano  | Entered a volcano
 12458 | Volcano  | Reached XP level 13. HP: 75/75 MP: 14/14
 12458 | Volcano  | Gained a life (2 lives remaining)
 13263 | Lair:2   | Reached skill level 10 in Dodging
 13726 | Lair:2   | Found a staircase to the Snake Pit.
 14039 | Lair:2   | Found a staircase to the Shoals.
 14576 | Lair:3   | Reached skill level 13 in Unarmed Combat
 15683 | Lair:4   | Reached XP level 14. HP: 80/80 MP: 15/15
 15689 | Lair:4   | Reached skill level 14 in Unarmed Combat
 16361 | Lair:5   | Entered Level 5 of the Lair of Beasts
 16380 | Lair:5   | Found a gate leading to a gauntlet.
 16389 | Gauntlet | Entered a Gauntlet
 16389 | Gauntlet | Found a transporter.
 16389 | Gauntlet | Found a transporter.
 16389 | Gauntlet | Found a transporter.
 16391 | Gauntlet | Found a transporter.
 16393 | Gauntlet | Found a transporter.
 16411 | Gauntlet | Found a transporter.
 16411 | Gauntlet | Found a transporter.
 16428 | Gauntlet | Found a transporter.
 16458 | Gauntlet | Found a transporter.
 16467 | Gauntlet | Found a transporter.
 16469 | Gauntlet | Found a transporter.
 16483 | Gauntlet | Found a transporter.
 16766 | Gauntlet | Identified the ring of Birdsong {rN+ EV+5 Str+2}
 16811 | Gauntlet | Identified the +2 pair of boots of Inviolability {*Corrode
                  | rC+ Will++ Str+4}
 16990 | Lair:5   | Reached skill level 15 in Unarmed Combat
 17194 | Lair:5   | Found a staircase to the Slime Pits.
 17306 | Lair:5   | Found a shimmering altar of Xom.
 17314 | Lair:5   | Reached ****** piety under Trog
 17818 | Lair:5   | Reached skill level 16 in Unarmed Combat
 18712 | D:12     | Found a staircase to the Orcish Mines.
 19570 | D:13     | Found a gate to the Vaults.
 19993 | D:13     | Reached XP level 15. HP: 84/84 MP: 16/16
 20077 | Orc:1    | Entered Level 1 of the Orcish Mines
 20296 | Orc:1    | Noticed Erolcha
 20301 | Orc:1    | Killed Erolcha
 20612 | Orc:2    | Entered Level 2 of the Orcish Mines
 20904 | Orc:2    | Found Jusiabim's Antique Armour Shop.
 21036 | Orc:2    | Found Jimoraa's Antique Weapon Shop.
 21042 | Orc:2    | Found a staircase to the Elven Halls.
 21050 | Orc:2    | Found Bybivvef's Antique Armour Shop.
 21197 | Orc:2    | Found Kokajam's Armour Emporium.
 21607 | Orc:2    | Noticed Urug
 21883 | Orc:2    | Killed Urug
 21915 | Orc:2    | Found a roughly hewn altar of Beogh.
 22032 | Orc:2    | Found Zinlirho's Antique Weapon Emporium.
 22069 | Orc:2    | Found Haywan's General Store.
 22116 | Orc:2    | Found Wuysmos's Jewellery Emporium.
 22179 | Orc:2    | Found Siujif's Weapon Emporium.
 22507 | Orc:2    | Found Isougiko's Antique Armour Emporium.
 22737 | D:5      | Bought an emerald potion for 25 gold pieces
 22737 | D:5      | Bought a silver ring for 140 gold pieces
 22757 | D:5      | Bought a potion of mutation for 88 gold pieces
 22757 | D:5      | Bought a potion of might for 44 gold pieces
 22909 | D:10     | Bought a lightning rod (4/4) for 480 gold pieces
 23016 | Orc:2    | Bought a dragon-blood talisman for 840 gold pieces
 23114 | D:14     | Found Azu Xemm's Armour Boutique.
 23880 | D:15     | Entered Level 15 of the Dungeon
 24360 | D:15     | Found Umolen's Magic Scroll Shoppe.
 24636 | D:15     | Found a staircase to the Depths.
 24962 | Elf:1    | Entered Level 1 of the Elven Halls
 25011 | Elf:1    | Identified the +12 hand axe of Exquisite Death {holy, rF+
                  | Will- Str+2 SInv}
 25043 | Elf:1    | Reached XP level 16. HP: 93/93 MP: 17/17
 25088 | Elf:1    | Noticed Agnes
 25107 | Elf:1    | Killed Agnes
 25124 | Elf:1    | Identified the serpent talisman of the Mind {rC- rN+ Str+4}
 25189 | Elf:1    | Noticed Kirke
 25208 | Elf:1    | Killed Kirke
 25467 | Elf:1    | You fall into a shaft and drop 1 floor!
 26493 | Elf:2    | Found a huge runed translucent gate.
 26493 | Elf:2    | Found a huge runed translucent gate.
 26493 | Elf:2    | Found a huge runed translucent gate.
 26499 | Elf:2    | Found a huge runed translucent gate.
 26499 | Elf:2    | Found a huge runed translucent gate.
 26739 | Snake:1  | Entered Level 1 of the Snake Pit
 27405 | Snake:1  | Identified the ring "Digykleem" {rC+ EV+5}
 27845 | Snake:1  | Reached skill level 15 in Shapeshifting
 29155 | Snake:2  | Found Ina Ykka's Book Emporium.
 29155 | Snake:2  | Found Zumisuk's Book Shoppe.
 29384 | Snake:2  | Reached XP level 17. HP: 42/97 MP: 18/18
 29559 | Snake:2  | Reached skill level 5 in Evocations
 31042 | Snake:4  | Entered Level 4 of the Snake Pit
 31200 | Snake:4  | Reached skill level 10 in Evocations
 32948 | Snake:4  | Reached skill level 17 in Unarmed Combat
 33005 | Snake:4  | Reached XP level 18. HP: 102/102 MP: 19/19
 33037 | Snake:4  | Got a serpentine rune of Zot
 33293 | Shoals:1 | Entered Level 1 of the Shoals
 33406 | Shoals:1 | Found Osholus's Antique Weapon Shop.
 34160 | Shoals:2 | Identified the +6 chain mail of Dim Light {rF+ Dex+4}
 34219 | Shoals:2 | Reached skill level 18 in Unarmed Combat
 34317 | Shoals:2 | Found Utask's Antique Armour Boutique.
 34409 | Shoals:2 | Noticed Ilsuiw
 34420 | Shoals:2 | Killed Ilsuiw
 34423 | Shoals:2 | Reached skill level 15 in Stealth
 35420 | Shoals:3 | Reached skill level 15 in Dodging
 35983 | Shoals:4 | Entered Level 4 of the Shoals
 36459 | Shoals:4 | Found a glowing silver altar of Zin.
 36526 | Shoals:4 | Got a barnacled rune of Zot
 36560 | Shoals:4 | Found a glowing golden altar of the Shining One.
 36631 | Shoals:4 | Reached skill level 15 in Fighting
 36829 | Shoals:4 | Found a white marble altar of Elyvilon.
 36875 | Shoals:4 | Reached XP level 19. HP: 108/108 MP: 20/20
 37248 | Elf:3    | Entered Level 3 of the Elven Halls
 38216 | Elf:3    | Identified the +12 spear of Famine {freeze, rF+ Str+4 Int+3
                  | Dex+2}
 38998 | Elf:3    | Identified the +7 quarterstaff "Unush" {heavy, ^Drain
                  | ^Fragile Will+++ SInv}
 38998 | Elf:3    | Identified the +5 chain mail of Yhicee {Dex+3}
 39034 | Elf:3    | Reached skill level 15 in Evocations
 39319 | Elf:3    | Identified the +1 war axe of Descent {freeze, rCorr MP+9
                  | Dex+2}
 39584 | Elf:3    | Identified the +3 ring mail "Ziasogg" {rF- Int+4}
 39620 | Elf:3    | Found the +7 captain's cutlass {speed, disarm}
 39899 | Vaults:1 | Entered Level 1 of the Vaults
 40373 | Vaults:1 | Found Byime's Antique Weapon Shop.
 40685 | Vaults:1 | Identified the +2 war axe of Shrieking Innocence {flame,
                  | +Blink rCorr Str+3}
 41012 | Vaults:1 | Reached XP level 20. HP: 114/114 MP: 21/21
 41095 | Vaults:1 | Reached skill level 19 in Unarmed Combat
 41463 | Vaults:2 | Noticed a bone dragon
 41481 | Vaults:2 | Killed a bone dragon
 41495 | Vaults:2 | Found a staircase to the Crypt.
 41520 | Vaults:2 | Found a portal to a secret trove of treasure.
 41759 | Vaults:2 | Noticed a dread lich
 41773 | Vaults:2 | Killed a dread lich
 41927 | Vaults:2 | Reached skill level 20 in Unarmed Combat
 42121 | Vaults:2 | Found Aleos's Armour Boutique.
 42550 | Vaults:3 | Noticed Bai Suzhen
 42552 | Vaults:3 | Found a crumbling gateway.
 42561 | Vaults:3 | Killed Bai Suzhen
 42620 | Desolati | Entered the Desolation of Salt
 42690 | Desolati | HP: 7/171 [saltling (13)]
 42691 | Desolati | HP: 3/171 [saltling (6)]
 42692 | Desolati | Slain by a saltling
 42692 | Desolati | Lost a life (1 life remaining)
 42857 | Desolati | Identified the ring of the Two Names {^Drain Will+++ rCorr
                  | Int+3}
 43201 | Desolati | Identified the +7 dagger "Yroagoutt" {flame, rC+}
 43230 | Desolati | Identified the +10 dagger "Adwekel" {freeze, +Blink rF++
                  | Will+ Str-3}
 43230 | Desolati | Identified the ring of Devotion {rPois Int+6}
 43457 | Desolati | Identified the ring "Asur Hant" {^Drain Int+6 Dex+5}
 43711 | Vaults:3 | Found Archeok's Armour Emporium.
 43941 | Vaults:3 | Reached XP level 21. HP: 111/121 MP: 22/22
 43941 | Vaults:3 | Gained a life (2 lives remaining)
 45339 | Vaults:4 | Paralysed by a formless jellyfish for 1 turns
 45346 | Vaults:4 | Paralysed by a formless jellyfish for 1 turns
 45645 | Vaults:4 | Reached skill level 21 in Unarmed Combat
 46339 | Crypt:1  | Entered Level 1 of the Crypt
 46611 | Crypt:1  | Reached skill level 22 in Unarmed Combat
 47133 | Crypt:1  | Reached XP level 22. HP: 128/128 MP: 23/23
 47546 | Crypt:2  | Noticed Margery
 47619 | Crypt:2  | Noticed Vv
 47761 | Crypt:2  | Killed Vv
 48499 | Crypt:3  | Entered Level 3 of the Crypt
 48614 | Crypt:3  | Noticed Xtahua
 48626 | Crypt:3  | Killed Xtahua
 48641 | Crypt:3  | Identified the +5 scale mail of Grottiness {+Inv rN+ Str+2
                  | Dex-3}
 48911 | Crypt:3  | Noticed Khufu
 48913 | Crypt:3  | Noticed a royal mummy
 48919 | Crypt:3  | Killed Khufu
 48926 | Crypt:3  | Killed a royal mummy
 49184 | Crypt:3  | Found a staircase to the Tomb.
 49611 | Crypt:3  | Noticed a curse toe
 49643 | Crypt:3  | Noticed a dread lich
 49699 | Crypt:3  | Killed a curse toe
 49743 | Crypt:3  | Noticed a dread lich
 49902 | Crypt:2  | Killed Margery
 50108 | Vaults:5 | Entered Level 5 of the Vaults
 50108 | Vaults:5 | Noticed Jory
 50127 | Vaults:5 | Noticed a dread lich
 50151 | Vaults:5 | Killed a dread lich
 50156 | Vaults:5 | Killed Jory
 50198 | Vaults:5 | Reached XP level 23. HP: 32/137 MP: 24/24
 50199 | Vaults:5 | HP: 10/307 [deep troll[an ironbound preserver] (11)]
 50202 | Vaults:5 | Mangled by a deep troll
 50202 | Vaults:5 | Lost a life (1 life remaining)
 50299 | Vaults:5 | Identified a scroll of acquirement
 50301 | Vaults:5 | Acquired a manual of Unarmed Combat
 50434 | Vaults:5 | Identified the orb "Goenadgh" {light, Str+3}
 50434 | Vaults:5 | Noticed Frederick
 50443 | Vaults:5 | Killed Frederick
 50444 | Vaults:5 | Reached skill level 23 in Unarmed Combat
 50554 | Vaults:5 | HP: 14/307 [vault warden/+2 vampiric glaive (19)]
 50554 | Vaults:5 | HP: 3/307 [hell knight/+2 heavy glaive (11)]
 50556 | Vaults:5 | Reached skill level 24 in Unarmed Combat
 50565 | Vaults:5 | Slain by a hell knight
 50565 | Vaults:5 | Lost a life (0 lives remaining)
 50831 | Vaults:5 | Noticed a dread lich
 50896 | Vaults:5 | Found Tanab's Magic Scroll Shop.
 50896 | Vaults:5 | Found Vaodelecka's Distillery.
 51151 | Vaults:5 | Reached skill level 25 in Unarmed Combat
 51228 | Vaults:5 | Identified the ring "Qon Edd" {Fly rF+ rCorr Int-5}
 51279 | Vaults:5 | Noticed a dread lich
 51287 | Vaults:5 | Killed a dread lich
 51512 | Vaults:5 | Identified the +4 long sword of Dintusk {freeze, Str+2
                  | SInv}
 51691 | Vaults:5 | Reached skill level 26 in Unarmed Combat
 52105 | Vaults:5 | Found Zuakuad's Magic Scroll Shoppe.
 52117 | Vaults:5 | Got a silver rune of Zot
 52132 | Vaults:5 | Found Cierph's Magic Scroll Shoppe.
 52281 | Vaults:5 | Killed a dread lich
 52819 | Vaults:5 | Bought a potion of haste for 200 gold pieces
 52819 | Vaults:5 | Bought a potion of curing for 60 gold pieces
 52819 | Vaults:5 | Bought a potion of haste for 200 gold pieces
 52819 | Vaults:5 | Bought a potion of curing for 60 gold pieces
 52819 | Vaults:5 | Bought a potion of curing for 60 gold pieces
 52819 | Vaults:5 | Bought a potion of mutation for 160 gold pieces
 52830 | Vaults:5 | Bought a scroll of fog for 68 gold pieces
 52830 | Vaults:5 | Bought a scroll of blinking for 127 gold pieces
 52830 | Vaults:5 | Bought a scroll of revelation for 127 gold pieces
 52841 | Vaults:5 | Bought a scroll of blinking for 135 gold pieces
 52841 | Vaults:5 | Bought a scroll of blinking for 135 gold pieces
 52859 | Vaults:5 | Bought a scroll of blinking for 165 gold pieces
 52859 | Vaults:5 | Bought a scroll of teleportation for 66 gold pieces
 52870 | Vaults:5 | Bought a scroll of teleportation for 51 gold pieces
 52870 | Vaults:5 | Bought a scroll of teleportation for 51 gold pieces
 53035 | Depths:1 | Entered Level 1 of the Depths
 53179 | Depths:2 | Found a gateway to Hell.
 53246 | Depths:2 | Noticed a caustic shrike
 53253 | Depths:2 | Killed a caustic shrike
 53296 | Depths:2 | Noticed a caustic shrike
 53297 | Depths:2 | Noticed a caustic shrike
 53332 | Depths:2 | Found Paurax's Assorted Antiques.
 53397 | Depths:2 | Found a one-way gate leading to the halls of Pandemonium.
 53543 | Depths:2 | Reached XP level 24. HP: 142/142 MP: 24/24
 53543 | Depths:2 | Gained a life (1 life remaining)
 54086 | Depths:1 | Noticed Asterion
 54101 | Depths:1 | Killed Asterion
 54215 | Depths:1 | Found a stormy altar of Qazlal.
 54490 | Depths:1 | Found an iron altar of Okawaru.
 54559 | Depths:3 | Found a flickering gateway to a bazaar.
 54583 | Bazaar   | Entered a bazaar
 54601 | Bazaar   | Found Ruffuot's Magic Scroll Shop.
 54621 | Bazaar   | Found Udghishept's Distillery.
 54649 | Bazaar   | Found Orghiq's Weapon Shop.
 54649 | Bazaar   | Found Amevux's General Store.
 54661 | Bazaar   | Bought a potion of heal wounds for 60 gold pieces
 54673 | Bazaar   | Bought a scroll of fear for 40 gold pieces
 54673 | Bazaar   | Bought a scroll of fog for 40 gold pieces
 54673 | Bazaar   | Bought a scroll of fog for 40 gold pieces
 54673 | Bazaar   | Bought 2 scrolls of fog for 80 gold pieces
 54685 | Bazaar   | Bought a potion of mutation for 152 gold pieces
 54685 | Bazaar   | Bought a potion of invisibility for 152 gold pieces
 54685 | Bazaar   | Bought a potion of cancellation for 152 gold pieces
 54685 | Bazaar   | Bought a potion of curing for 57 gold pieces
 54685 | Bazaar   | Bought a potion of resistance for 190 gold pieces
 54685 | Bazaar   | Bought a potion of heal wounds for 95 gold pieces
 55090 | Depths:3 | Found a one-way gate to the infinite horrors of the Abyss.
 55691 | Depths:3 | Noticed a juggernaut
 55714 | Depths:3 | Killed a juggernaut
 55790 | Depths:3 | Identified the +0 pair of gloves "Hooggopubb" {Harm rN+
                  | Will++ Int-2}
 55806 | Depths:3 | Identified the ring "Tuabral" {rPois rCorr}
 55959 | Depths:4 | Entered Level 4 of the Depths
 56165 | Depths:4 | Upgraded the game from 0.32-a0-328-gd8048dd to
                  | 0.32-a0-330-g213d367
 56170 | Depths:4 | Found a one-way gateway to a ziggurat.
 56227 | Depths:4 | Found a gate to the Realm of Zot.
 56232 | Depths:4 | Got a midnight gem with 30 turns to spare
 56254 | Depths:4 | Found a runed translucent door.
 56262 | Depths:4 | Lost the midnight gem through the power of Zot.
 56376 | Depths:4 | Found a blossoming altar of Fedhas.
 56443 | Depths:4 | Noticed Parghit
 56458 | Depths:4 | Killed Parghit
 56869 | Depths:4 | Identified the +8 dagger of Lust {freeze, +Blink}
 56872 | Depths:4 | Identified the staff "Qaniusch" {rC+ Earth}
 57213 | Slime:1  | Entered Level 1 of the Pits of Slime
 57359 | Slime:4  | Reached XP level 25. HP: 151/151 MP: 22/24
 57359 | Slime:4  | Gained a life (2 lives remaining)
 57413 | Slime:5  | Entered Level 5 of the Pits of Slime
 57611 | Slime:5  | Found a viscous altar of Jiyva.
 57628 | Slime:5  | Noticed the Royal Jelly
 57650 | Slime:5  | Killed the Royal Jelly
 57719 | Slime:5  | Got a starry gem with 177 turns to spare
 57730 | Slime:5  | Identified the +1 ring mail of Qutus {Str+5}
 57734 | Slime:5  | Got a slimy rune of Zot
 57765 | Slime:5  | Identified the +0 robe "Viorgh" {rElec Regen+ Int+3}
 58012 | D:5      | Bought a potion of curing for 33 gold pieces
 58012 | D:5      | Bought a potion of curing for 33 gold pieces
 58012 | D:5      | Bought a potion of heal wounds for 55 gold pieces
 58027 | D:5      | Bought a potion of curing for 36 gold pieces
 58027 | D:5      | Bought a scroll of revelation for 90 gold pieces
 58029 | D:5      | Bought a wand of acid (3) for 352 gold pieces
 58248 | Orc:2    | Bought 2 potions of mutation for 224 gold pieces
 58459 | Depths:3 | Voluntarily entered the Abyss.
 58459 | Abyss:1  | Found a corrupted altar of Lugonu.
 58556 | Abyss:3  | Found a corrupted altar of Lugonu.
 58640 | Abyss:3  | Found a corrupted altar of Lugonu.
 58731 | Abyss:3  | Found a transporter.
 58798 | Abyss:3  | Noticed an ancient lich
 58800 | Abyss:3  | Killed an ancient lich
 58812 | Abyss:3  | Found a transporter.
 58815 | Abyss:3  | Found a transporter.
 58817 | Abyss:3  | Got an abyssal rune of Zot
 58841 | Depths:3 | Escaped the Abyss
 58845 | Depths:3 | Gained mutation: A frigid envelope surrounds you and
                  | freezes all who hurt you. [potion of mutation]
 58846 | Depths:3 | Lost mutation: A frigid envelope surrounds you and freezes
                  | all who hurt you. [potion of mutation]
 58846 | Depths:3 | Gained mutation: You are weak. (Str -2) [potion of
                  | mutation]
 58847 | Depths:3 | Lost mutation: You are weak. (Str -2) [potion of mutation]
 58847 | Depths:3 | Gained mutation: You occasionally shout uncontrollably at
                  | your foes. [potion of mutation]
 58847 | Depths:3 | Gained mutation: You are vulnerable to cold. (rC-) [potion
                  | of mutation]
 58848 | Depths:3 | Lost mutation: You are vulnerable to cold. (rC-) [potion of
                  | mutation]
 58848 | Depths:3 | Lost mutation: You occasionally shout uncontrollably at
                  | your foes. [potion of mutation]
 58848 | Depths:3 | Gained mutation: You have hidden genetic potential. [potion
                  | of mutation]
 58848 | Depths:3 | Gained mutation: You are agile. (Dex +4, Str/Int -1)
                  | [potion of mutation]
 58848 | Depths:3 | Gained mutation: You have an increased reservoir of magic.
                  | (+10% MP) [potion of mutation]
 58939 | Zig:1    | Entered Level 1 of a ziggurat
 58953 | Zig:2    | Entered Level 2 of a ziggurat
 58953 | Zig:2    | Noticed Pony the pandemonium lord
 58961 | Zig:2    | Killed Pony the pandemonium lord
 59014 | Zig:3    | Entered Level 3 of a ziggurat
 59056 | Zig:4    | Entered Level 4 of a ziggurat
 59057 | Zig:4    | Noticed Qint the pandemonium lord
 59068 | Zig:4    | Killed Qint the pandemonium lord
 59118 | Zig:5    | Entered Level 5 of a ziggurat
 59120 | Zig:5    | Found the ring of the Hare {EV+10}
 59173 | Zig:6    | Entered Level 6 of a ziggurat
 59179 | Zig:6    | Noticed an orb of fire
 59202 | Zig:6    | Gained mutation: You occasionally shout uncontrollably at
                  | your foes. [an orb of fire]
 59203 | Zig:6    | Killed an orb of fire
 59242 | Zig:7    | Entered Level 7 of a ziggurat
 59260 | Zig:7    | Gained mutation: You occasionally lose the ability to read
                  | scrolls when taking damage. [a shining eye]
 59262 | Zig:7    | Gained mutation: You frequently scream uncontrollably at
                  | your foes. [a shining eye]
 59269 | Zig:7    | Identified the amulet "Yzxaodue" {Spirit +Blink rF+ rCorr
                  | Dex-5}
 59288 | Zig:7    | Lost mutation: You occasionally lose the ability to read
                  | scrolls when taking damage. [potion of mutation]
 59288 | Zig:7    | Lost mutation: You are agile. (Dex +4, Str/Int -1) [potion
                  | of mutation]
 59288 | Zig:7    | Gained mutation: Your muscles are strong. (Str +4, Int/Dex
                  | -1) [potion of mutation]
 59288 | Zig:7    | Gained mutation: Your flesh is heat resistant. (rF+)
                  | [potion of mutation]
 59290 | Zig:8    | Entered Level 8 of a ziggurat
 59296 | Zig:8    | Paralysed by an air elemental for 1 turns
 59364 | Zig:8    | Identified the ring of the Holding Seeker {EV+5 Dex+4}
 59367 | Zig:9    | Entered Level 9 of a ziggurat
 59437 | Zig:9    | Identified the +3 broad axe of Wyrd {antimagic, +Blink}
 59449 | Zig:10   | Entered Level 10 of a ziggurat
 59460 | Zig:10   | Noticed Hunihoun the pandemonium lord
 59478 | Zig:10   | HP: 11/339 [demonspawn warmonger/+4 spectral lajatang (16)]
 59480 | Zig:10   | Mangled by a demonspawn warmonger
 59480 | Zig:10   | Lost a life (1 life remaining)
 59491 | Zig:10   | Identified the +0 cloak of the Present {rElec}
 59500 | Depths:4 | Killed Hunihoun the pandemonium lord
 59517 | Depths:4 | Lost mutation: Your muscles are strong. (Str +4, Int/Dex
                  | -1) [potion of mutation]
 59517 | Depths:4 | Lost mutation: You frequently scream uncontrollably at your
                  | foes. [potion of mutation]
 59517 | Depths:4 | Gained mutation: You possess an exceptional clarity of
                  | mind. [potion of mutation]
 59591 | Zot:1    | Entered Level 1 of the Realm of Zot
 60619 | Zot:1    | Reached XP level 26. HP: 156/156 MP: 26/26
 60619 | Zot:1    | Gained a life (2 lives remaining)
 61777 | Zot:2    | Gained mutation: You expend magic power (3 MP) to
                  | strengthen your wands. [hidden potential]
 63204 | Zot:4    | Found Libisot's CLEARANCE SALE!.
 63649 | Zot:4    | Found a faded altar of an unknown god.
 64050 | Zot:5    | Entered Level 5 of the Realm of Zot
 64483 | Zot:5    | Reached XP level 27. HP: 161/161 MP: 26/26
 64730 | Zot:5    | Noticed a dread lich
 64730 | Zot:5    | Noticed an ancient lich
 64730 | Zot:5    | Noticed an ancient lich
 64730 | Zot:5    | Noticed a dread lich
 64730 | Zot:5    | Noticed an orb of fire
 64731 | Zot:5    | Noticed an ancient lich
 64732 | Zot:5    | Noticed a dread lich
 64739 | Zot:5    | Got the Orb of Zot
 64745 | Zot:5    | Noticed Firghig the pandemonium lord
 64754 | Zot:5    | Noticed an orb of fire
 64754 | Zot:5    | Noticed an ancient lich
 64937 | D:15     | Noticed Refimat the pandemonium lord
 66341 | D:2      | Noticed Goanabi the pandemonium lord
 66351 | D:2      | Killed Goanabi the pandemonium lord
 66360 | D:2      | Gained mutation: Your muscles are strong. (Str +4, Int/Dex
                  | -1) [hidden potential]
 66360 | D:2      | Lost mutation: You have hidden genetic potential. [hidden
                  | potential expressed]
 67087 | D:2      | Noticed Ata Edd the pandemonium lord
 67103 | D:2      | Killed Ata Edd the pandemonium lord
 67104 | D:2      | Reached skill level 27 in Unarmed Combat
 67142 | D:$      | Escaped with the Orb!

Illustrated notes

Levels and vault maps discovered:
D:1:      minmay_arrival_four_loops, layout_basic
D:2:      layout_rooms, serial_curves, eino_curves_01, eino_curves_01,
          eino_curves_04, uniq_sigmund
D:3:      corexii_shack_village, layout_basic, nicolae_ecumenical_pavilion,
          nicolae_houndstooth_variations
D:4:      layout_loops_cross, zin_purify, lemuel_tele_altar,
          minmay_temple_entry_tees, uniq_menkaure, uniq_eustachio,
          uniq_blork_the_orc, uniq_natasha
D:5:      layout_loops_cross, serial_shops, shop, nicolae_stop_n_shop_2, shop,
          shop, nicolae_shop_real_fake_doors, hangedman_decor_push,
          minmay_diced_spiral
D:6:      layout_basic, mainiacjoe_ossuary_entry_find_the_door
D:7:      layout_loops_ring, serial_glass, glass_columns_c, glass_columns_b,
          glass_columns_a, glass_columns_b, glass_columns_a, uniq_jeremiah,
          uniq_joseph
D:8:      layout_loops_ring, kennysheep_little_box, serial_shops,
          nicolae_shop_statue_plus, uniq_psyche
D:9:      layout_irregular_city, grunt_lair_entry_orc_guard_hut, serial_shops,
          nicolae_shop_stone
D:10:     minmay_chopped_fan, layout_basic, nzn_wu_jian_contemplation,
          nicolae_elemental_shop, hangedman_decor_clover_reticule,
          grunt_decor_fettered
D:11:     nzn_winding_woodlands_cross [nzn_winding_woodlands_5x15_crooked,
          nzn_winding_woodlands_5x15_twine, nzn_winding_woodlands_5x15_sawtooth,
          nzn_winding_woodlands_5x15_cabin,
          nzn_winding_woodlands_15x15_five_gardens], layout_cave_pools,
          uniq_snorg
D:12:     layout_cave_pods, zombieorc2_lemuel
D:13:     layout_irregular_city, erik_vaults_1
D:14:     layout_cave_pools, serial_shops, shop, minivault_14
D:15:     hangedman_depths_entry_try_elsewhere_first, layout_basic,
          serial_shops, nicolae_shop_advertising_works
          [nicolae_subvault_shop_adworks], serial_bayou_lake_a
Lair:1:   layout_cave_shapes, enter_volcano_3
Lair:2:   layout_loops_ring, elwin_shoals_entry_rooms,
          alex1729_snake_entry_snake, lemuel_fruit_fields, grunt_megastairs_2,
          serial_bayou_shore_a
Lair:3:   lemuel_ratsnest, layout_cave_pods
Lair:4:   layout_cave_pods, lemuel_fruit_tree
Lair:5:   grunt_lair_end_beastmaster, layout_long_grid,
          nicolae_slime_entry_slimehenge, gauntlet_entry_generic, special_room
          [special_room_mythical_zoo], basic_altar
Shoals:1: layout_shoals, serial_shops, nicolae_shop_waterfront
Shoals:2: layout_shoals, nicolae_shoals_lost_giant_pillars,
          nicolae_shoals_c_island, uniq_ilsuiw
Shoals:3: layout_shoals
Shoals:4: shoals_end_hellmonk_holy_island
Snake:1:  layout_layer_cave, nicolae_snake_salamander_fort
Snake:2:  layout_grid_maze, minmay_shoptagon
Snake:3:  layout_onion
Snake:4:  snake_pit_salamanders_mu, layout_misc_corridors,
          nicolae_snake_gridmaze_spiral
Slime:1:  layout_caves
Slime:2:  layout_caves, nicolae_slime_rock_hall_of_fame, uniq_donald
Slime:3:  layout_caves
Slime:4:  layout_caves
Slime:5:  slime_pit
Orc:1:    layout_diamond_mine, minmay_orc_barracks, uniq_erolcha
Orc:2:    grunt_orc_cross, layout_caves, serial_shops, shop,
          nicolae_shop_pleasant_corner_grove, shop,
          nicolae_shop_tiny_statue_garden, shop, nicolae_orc_damp_corner
Elf:1:    minmay_elf_arrival_plus, layout_loops_corners, minmay_elf_sorcery,
          amethyst_killhole, uniq_kirke, uniq_agnes
Elf:2:    elven_hall_of_blades_hangedman_alternative [mumra_blade_entry_dagger],
          layout_geoelf_octagon
Elf:3:    nooodl_elf_gasket, layout_loops_cross, special_room
          [special_room_mythical_zoo], nicolae_concentric_dashed_squares_wild
Vaults:1: st_quartered_hall, hangedman_vaults_snaps, ontoclasm_vaults_hangar,
          layout_vaults_omnigrid, serial_shops, nicolae_shop_window_shopping
Vaults:2: v_misc_27, nicolae_vaults_crenellated_ambush,
          minmay_crypt_entry_nasty_monster, vaults_mumra_hex,
          vaults_room_octagon, v_pattern_2, vaults_standard_mumra_x, v_misc_14,
          nicolae_vaults_hexular_roomagon, layout_vaults_big_room,
          nicolae_trove_entry_crossroad, serial_shops, shop
Vaults:3: portal_desolation_entry_salt, hangedman_vaults_river_flow,
          nicolae_vaults_little_squares_1, nicolae_vaults_statue_guard,
          v_misc_25, ontoclasm_vaults_shuriken, vaults_room_pool,
          nicolae_vaults_network_quinsquares
          [nicolae_vaults_network_quincunx_subvault,
          nicolae_vaults_network_quincunx_subvault,
          nicolae_vaults_network_quincunx_subvault,
          nicolae_vaults_network_quincunx_subvault],
          nicolae_vaults_stairing_the_circle, nicolae_vaults_double_plus_1,
          v_misc_13, nicolae_vaults_weapon_check, layout_vaults_omnibox,
          serial_shops, shop, uniq_bai_suzhen
Vaults:4: nicolae_vaults_offset_grid_hallway_3,
          nicolae_vaults_storage_room_doors, nicolae_vaults_shrinking_rooms_2,
          vaults_mumra_minichess, v_misc_25, v_misc_12, v_pattern_4,
          nicolae_vaults_big_ls, st_diamondy, ontoclasm_vaults_eye,
          nicolae_vaults_offset_grid_hallway_3, layout_vaults_maze
Vaults:5: uniq_jory, uniq_frederick
Crypt:1:  layout_misc_corridors
Crypt:2:  layout_catacombs, lemuel_elevator, uniq_margery, uniq_vv
Crypt:3:  david_glass_crypt, layout_chaotic_city, nicolae_danse_macabre,
          uniq_khufu, uniq_xtahua
Depths:1: layout_cave_shapes, grunt_hell_entry_dis_old,
          nicolae_qazlal_scattered_showers, okawaru_ov_weapons_minmay,
          uniq_asterion
Depths:2: tekkud_shrikecote, layout_basic, hell_entry, pan_entry, serial_shops,
          nicolae_shop_tiny_real_fake_doors, hangedman_decor_diamond_cutter
Depths:3: minmay_the_grid_triangle_9x9_recursive_3
          [minmay_the_grid_triangle_9x9_minimal,
          minmay_the_grid_triangle_9x9_descending_squares,
          minmay_the_grid_triangle_9x9_sprig,
          minmay_the_grid_triangle_9x9_prize_center,
          minmay_the_grid_triangle_9x9_checkered,
          minmay_the_grid_triangle_9x9_alien,
          minmay_the_grid_triangle_9x9_flanged_cone,
          minmay_the_grid_triangle_9x9_dagger,
          minmay_the_grid_triangle_9x9_stretched_checkered], layout_gridlike,
          abyss_entry_glasseish, hangedman_decor_lopped, serial_shops,
          bzr_entry_islet, hell_entry, pan_entry
Depths:4: evilmike_zot_entry_basic, layout_cave_pools, enter_ziggurat_e,
          nicolae_hell_entry_hellmouth_sunbeams, fedhas_altar_fruit_tree,
          grunt_pan_entry_sceptre, drop_trap, minmay_acid_items, uniq_parghit
Zot:1:    layout_cellular_growth
Zot:2:    layout_cathedral_of_symmetry, regret_index_zotdec_onion_hex,
          grunt_ministairs_3
Zot:3:    layout_basic, zot_minivault_1, regret_index_zotdec_twisting_globes
Zot:4:    hangedman_orp_of_zott, layout_misc_corridors, nicolae_shop_clearance
Zot:5:    layout_gridlike

Skill      XL: |  1  2  3  4  5  6  7  8  9 10 11 12 13 14 15 16 17 18 19 20 21 22 23 24 25 26 27 |
---------------+----------------------------------------------------------------------------------+-----
Stealth        | 2 4 6 8 11 12 14 16 18 19 20 22 24 | 24.0
Unarmed Combat | 4 5 6 7 9 10 12 13 16 17 18 20 22 26 27 | 27.0
Fighting       | 4 5 6 8 12 14 15 16 18 20 22 | 22.0
Dodging        | 6 12 14 16 18 20 22 23 24 | 24.0
Shapeshifting  | 3 8 10 12 15 16 19 22 23 | 23.0
Evocations     | 4 12 16 | 16.0

Action                     |  1- 3 |  4- 6 |  7- 9 | 10-12 | 13-15 | 16-18 | 19-21 | 22-24 | 25-27 || total
---------------------------+-------+-------+-------+-------+-------+-------+-------+-------+-------++-------
  Melee: Unarmed           |    81 |   131 |   375 |   397 |  1062 |   915 |   932 |  1026 |  1056 ||  5975
         Bite              |    10 |    10 |    49 |    10 |       |    87 |   134 |   168 |   114 ||   582
         Punch             |     2 |     3 |    22 |     8 |       |    78 |   142 |   176 |   201 ||   632
         Constrict         |       |       |       |    65 |   234 |    64 |       |       |       ||   363
         Tailslap          |       |       |       |       |       |   119 |   177 |   237 |   164 ||   697
 Invoke: Berserk           |     1 |     4 |     6 |    19 |    14 |    10 |     9 |    12 |    17 ||    92
         Trog's Hand       |       |     1 |     2 |     4 |    10 |    13 |    10 |    17 |    21 ||    78
         Brothers in Arms  |       |       |       |     3 |     2 |     4 |     7 |    15 |     4 ||    35
Ability: Breathe Fire      |       |       |       |       |       |     5 |     8 |     2 |       ||    15
         Blinkbolt         |       |       |       |       |       |       |       |       |     1 ||     1
  Evoke: Wand              |       |       |       |     3 |       |       |     4 |       |     7 ||    14
         Tin of tremorston |       |       |       |       |       |       |     1 |       |     2 ||     3
    Use: Scroll            |       |       |     4 |     4 |     7 |     9 |     7 |     9 |    17 ||    57
         Potion            |       |       |     1 |       |       |     1 |     1 |     8 |    22 ||    33
   Stab: Sleeping          |     1 |    10 |    21 |    18 |    38 |    37 |    51 |    33 |    12 ||   221
         Distracted        |       |       |     2 |     3 |     3 |     6 |    11 |    16 |     6 ||    47
         Invisible         |       |       |       |       |       |       |       |    15 |     6 ||    21
 Armour: Skin              |    17 |    34 |   101 |   247 |   337 |   440 |   418 |   444 |   534 ||  2572
  Dodge: Dodged            |    59 |    85 |   205 |   223 |   751 |   681 |   629 |   796 |   888 ||  4317
   Form: Serpent           |       |       |       |     1 |       |     2 |       |       |       ||     3
         Dragon            |       |       |       |       |       |     2 |       |       |       ||     2
         Storm             |       |       |       |       |       |       |       |       |     1 ||     1

Table legend: (Time is in decaauts)
 A = Elapsed time spent in this place.
 B = Non-inter-level travel time spent in this place.
 C = Inter-level travel time spent in this place.
 D = Time resting spent in this place.
 E = Time spent auto-exploring this place.
 F = Levels seen in this place.
 G = Mean time per level.
                   A        B        C        D        E       F      G
               +--------+--------+--------+--------+--------+-----+--------+
         Total |  65859 |  59651 |   6208 |   9964 |  29427 |  73 |  902.2 |
       Dungeon |  19033 |  15976 |   3057 |   3861 |   7075 |  15 | 1268.9 |
          Lair |   5328 |   4727 |    601 |    285 |   3074 |   5 | 1065.6 |
        Shoals |   3671 |   3481 |    190 |    385 |   1709 |   4 |  917.8 |
     Snake Pit |   6385 |   6091 |    294 |    736 |   3682 |   4 | 1596.2 |
    Slime Pits |    533 |    476 |     57 |     40 |      0 |   5 |  106.6 |
  Orcish Mines |   2804 |   2364 |    440 |    557 |    995 |   2 | 1402.0 |
   Elven Halls |   4106 |   3897 |    209 |   1055 |   1730 |   3 | 1368.7 |
        Vaults |   8082 |   7517 |    565 |    882 |   3866 |   5 | 1616.4 |
         Crypt |   3592 |   3398 |    194 |    516 |   1940 |   3 | 1197.3 |
        Depths |   4025 |   3626 |    399 |    336 |   1880 |   4 | 1006.2 |
           Zot |   5073 |   4873 |    200 |    734 |   2944 |   5 | 1014.6 |
         Abyss |    350 |    350 |      0 |      0 |      0 |   3 |  116.7 |
      Ziggurat |    517 |    517 |      0 |    113 |    138 |  10 |   51.7 |
        Bazaar |    108 |    108 |      0 |      0 |     75 |   1 |  108.0 |
       Ossuary |    458 |    458 |      0 |     61 |     47 |   1 |  458.0 |
       Volcano |    414 |    414 |      0 |     94 |    147 |   1 |  414.0 |
    Desolation |    818 |    818 |      0 |    143 |    123 |   1 |  818.0 |
      Gauntlet |    554 |    554 |      0 |    161 |      0 |   1 |  554.0 |
               +--------+--------+--------+--------+--------+-----+--------+

Top non-repeatable levels by time:
Vaults:5: 2625 daAuts
     D:2: 2601 daAuts
   Elf:3: 2466 daAuts
 Snake:1: 2114 daAuts
 Snake:4: 2071 daAuts
    D:11: 1875 daAuts
    D:10: 1862 daAuts
   Orc:2: 1860 daAuts
Vaults:4: 1607 daAuts
   Zot:2: 1497 daAuts
Depths:3: 1477 daAuts
Vaults:1: 1411 daAuts
 Crypt:3: 1363 daAuts
     D:4: 1353 daAuts
     D:3: 1306 daAuts
